 Dungeon Crawl Stone Soup version 0.30-a0-219-gf2db51d15e (webtiles) character file.

Game seed: 9371255219671061075

179 910rd the Conjurer (level 5, 0/28 HPs)
             Began as a Tengu Air Elementalist on Oct 6, 2022.
             Slain by an ice beast (4 damage)
             ... on level 3 of the Dungeon on Oct 7, 2022.
             The game lasted 00:09:27 (2416 turns).

910rd the Conjurer (Tengu Air Elementalist)         Turns: 2416, Time: 00:09:28

Health: 0/28       AC:  3    Str:  8    XL:     5   Next: 59%
Magic:  8/10       EV: 15    Int: 21    God:
Gold:   148        SH:  0    Dex: 15    Spells: 3/9 levels left

rFire   . . .      SeeInvis .    o - +8 hammer of Currency {vorpal, Int+4}
rCold   . . .      Faith    .    (no shield)
rNeg    . . .      Spirit   .    a - +0 robe
rPois   .          Reflect  .    (helmet restricted)
rElec   .          Harm     .    (no cloak)
rCorr   .          Rampage  .    g - +0 pair of gloves
Will    .....                    (boots unavailable)
Stlth   ++........               (no amulet)
HPRegen 0.24/turn                (no ring)
MPRegen 0.12/turn                (no ring)

@: flying quickly and evasively, quick
A: beak, talons 3, nimble flight
a: no special abilities


You were on level 3 of the Dungeon.
You visited 1 branch of the dungeon, and saw 3 of its levels.

You collected 148 gold pieces.

Inventory:

Hand Weapons
 f - a +0 club
 h - a +0 dagger
 o - the +8 hammer of Currency (weapon) {vorpal, Int+4}
   (You found it on level 2 of the Dungeon)

   It inflicts extra damage upon your enemies.
   Int:       It affects your intelligence (+4).
Missiles
 j - 2 curare-tipped darts
 p - 6 poisoned darts
Armour
 a - a +0 robe (worn)
 d - an orb of guile
 g - a +0 pair of gloves (worn)
 t - a +0 buckler
Scrolls
 e - a scroll of magic mapping {unknown}
 i - a scroll of fear {unknown}
 m - 2 scrolls of identify {unknown}
 q - a scroll of summoning {unknown}
Potions
 b - a potion of magic
 c - a potion of attraction {unknown}
 k - a potion of mutation {unknown}
 l - a potion of heal wounds {unknown}
 n - a potion of lignification {unknown}
 r - a potion of flight {unknown}
 s - a potion of curing {unknown}


   Skills:
 - Level 2.5 Dodging
 - Level 2.3 Stealth
 + Level 2.7 Spellcasting
 - Level 5.2 Conjurations
 - Level 5.0 Air Magic


You had 3 spell levels left.
You knew the following spells:

 Your Spells              Type           Power      Damage    Failure   Level
a - Shock                 Conj/Air       96%        1d9       1%          1
b - Static Discharge      Conj/Air       48%        2-4/arc   2%          2
c - Swiftness             Air            23%        N/A       5%          3

Your spell library contained the following spells:

 Spells                   Type           Power      Damage    Failure   Level
 Airstrike                Air            11%        2d(2-18)  17%         4


Dungeon Overview and Level Annotations

Branches:
Dungeon (3/15) Zot: 15621

Altars:
Wu Jian

Annotations:
D:2 1 runed translucent door, Crazy Yiuf


Innate Abilities, Weirdness & Mutations

You have a beak for a mouth.
You have claws for feet.
Your magical nature lets you fly swiftly and evasively.


Message History

HP restored.
Found a sling.
A bat comes into view.
Health restored: 28 You regained 3 mp, and now have 9/10 mp.
You hit the bat.
You kill the bat!
No target in view!
No target in view!
You now have 134 gold pieces (gained 9).
You now have 148 gold pieces (gained 14).
An orc comes into view. It is wielding a +0 war axe.
MP restored: 10 An orc is nearby!
An ice beast comes into view.
You sock the ice beast!
The ice beast is moderately wounded.
The ice beast hits you. The ice beast freezes you!
* * * LOW HITPOINT WARNING * * *
The ice beast closely misses you.
You take 15 damage, and have 13/28 hp.
MASSIVE DAMAGE!!
You are too injured to fight recklessly!
Casting: Static Discharge (safe; 2% risk of failure)
Confirm with . or Enter, or press ? or * to list all spells.
The ice beast is struck by an arc of lightning.
The ice beast is heavily wounded.
You are struck by an arc of lightning.
* * * LOW HITPOINT WARNING * * *
The ice beast is struck by an arc of lightning.
The ice beast is heavily wounded.
You are struck by an arc of lightning.
* * * LOW HITPOINT WARNING * * *
The lightning grounds out.
The orc is struck by an arc of lightning.
The orc is heavily wounded.
You are struck by an arc of lightning.
* * * LOW HITPOINT WARNING * * *
The lightning grounds out.
The orc completely misses you. The ice beast hits you.
You die...

..............
........##..###.#
.... ........#
.....# ....
..<.....# ##...
..... ........#
..###..... ........#
#......... ........#
#........ ........#
#..o.# ........#
##.@..# ........#
##..Y..#
........#####..#...#
#.....#.#.....##...#
####........########
#........#
#........#
#........#
##########


You could see an ice beast and an orc.

Vanquished Creatures
  A black bear (D:2)
  Robin (D:2)
  2 worms
  4 ball pythons
  A bat (D:3)
  12 endoplasms
  4 giant cockroaches
  12 goblins
  10 hobgoblins
  3 jackals (D:2)
  A quokka (D:2)
  2 frilled lizards (D:1)
  6 kobolds
  6 rats
65 creatures vanquished.

Notes
Turn   | Place    | Note
-------+----------+-------------------------------------------
     0 | D:1      | 910rd the Tengu Air Elementalist began the quest for the
                  | Orb.
     0 | D:1      | Reached XP level 1. HP: 10/10 MP: 4/4
   176 | D:1      | Reached XP level 2. HP: 10/15 MP: 0/6
  1104 | D:2      | Noticed Robin
  1104 | D:2      | Noticed a black bear
  1111 | D:1      | Learned a level 2 spell: Static Discharge
  1164 | D:2      | Reached XP level 3. HP: 19/19 MP: 7/7
  1170 | D:2      | Learned a level 3 spell: Swiftness
  1367 | D:2      | Found a runed translucent door.
  1368 | D:2      | Noticed Crazy Yiuf
  1370 | D:2      | Identified the +8 hammer of Currency {vorpal, Int+4}
  1612 | D:2      | Reached skill level 5 in Air Magic
  1626 | D:2      | Killed a black bear
  1627 | D:2      | Reached XP level 4. HP: 23/24 MP: 4/8
  1627 | D:2      | Gained mutation: Your magical nature lets you fly swiftly
                  | and evasively. [Tengu growth]
  1627 | D:2      | Reached XP level 5. HP: 26/28 MP: 4/9
  1697 | D:2      | Reached skill level 5 in Conjurations
  2039 | D:2      | Found an ornate altar of the Wu Jian Council.
  2157 | D:2      | Killed Robin
  2412 | D:3      | Noticed an ice beast
  2416 | D:3      | Slain by an ice beast

Illustrated notes

Levels and vault maps discovered:
D:1:      spicycebolla_arrival_ecumenical, layout_basic
D:2:      layout_loops_cross, basic_altar, minmay_misc_feat_ornament,
          chequers_serial_rivers_micro_b, uniq_robin, uniq_crazy_yiuf_cottage
D:3:      layout_rooms, nicolae_hepliaklqana_monster_ancestors

Skill      XL: |  1  2  3  4  5 |
---------------+----------------+-----
Conjurations   | 2 4 5 |  5.2
Air Magic      | 5 |  5.0
Dodging        | |  2.5
Stealth        | |  2.3
Spellcasting   | |  2.7

Action                   |  1- 3 |  4- 6 || total
-------------------------+-------+-------++-------
Melee: Unarmed           |     4 |       ||     4
       Kick              |     4 |     5 ||     9
       Dagger            |     5 |       ||     5
       Peck              |     2 |     2 ||     4
       Mace              |    13 |    34 ||    47
Throw: Dart              |     3 |       ||     3
 Cast: Shock             |    55 |    10 ||    65
       Static Discharge  |       |     6 ||     6
 Stab: Sleeping          |       |     1 ||     1
Armor: Robe              |     4 |     6 ||    10
Dodge: Dodged            |    15 |    39 ||    54

Table legend: (Time is in decaauts)
 A = Elapsed time spent in this place.
 B = Non-inter-level travel time spent in this place.
 C = Inter-level travel time spent in this place.
 D = Time resting spent in this place.
 E = Time spent auto-exploring this place.
 F = Levels seen in this place.
 G = Mean time per level.
                   A        B        C        D        E       F      G
               +--------+--------+--------+--------+--------+-----+--------+
         Total |   2377 |   2272 |    105 |    224 |   1580 |   3 |  792.3 |
       Dungeon |   2377 |   2272 |    105 |    224 |   1580 |   3 |  792.3 |
               +--------+--------+--------+--------+--------+-----+--------+

Top non-repeatable levels by time:
     D:1: 1154 daAuts
     D:2: 1061 daAuts
     D:3: 161 daAuts
